 Dungeon Crawl Stone Soup version 0.31-a0-152-g6aa68a64a1 (webtiles) character file.

Game seed: 17856351935573000608

99 qw the Shooter (level 4, 0/28 HPs)
             Began as a Gargoyle Hunter on June 10, 2023.
             Slain by a gnoll
             ... wielding a +0 halberd
              (5 damage)
             ... on level 3 of the Dungeon.
             The game lasted 00:00:36 (1404 turns).

qw the Shooter (Gargoyle Hunter)                    Turns: 1404, Time: 00:00:37

Health: 0/28       AC:  6    Str: 15    XL:     4   Next: 72%
Magic:  4/4        EV: 11    Int:  9    God:
Gold:   23         SH:  0    Dex: 15    Spells: 3/3 levels left

rFire   . . .        h - +0 shortbow (heavy)
rCold   . . .        (shield currently unavailable)
rNeg    + . .        c - +0 leather armour
rPois   inf          (no helmet)
rElec   +            (no cloak)
rCorr   +            (no gloves)
SInv    .            (no boots)
Will    .....        (no amulet)
Stlth   ++           d - ring of resist corrosion
HPRegen 0.24/turn    (no ring)
MPRegen 0.09/turn

%: no passive effects
@: no status effects
A: sickness immunity, AC +3, negative energy resistance 1, electricity
resistance, torment resistance 1, petrification resistance
a: no special abilities


You were on level 3 of the Dungeon.
You visited 1 branch of the dungeon, and saw 3 of its levels.

You collected 126 gold pieces.
You spent 103 gold pieces at shops.


Innate Abilities, Weirdness & Mutations

You are immune to sickness and miasma.
Your stone body is resilient. (AC +3)
You are immune to poison.
You resist negative energy. (rN+)
You are resistant to electric shocks. (rElec)
You are resistant to unholy torment.
You are immune to petrification.


   Skills:
 - Level 3.0 Fighting
 + Level 5.6 Ranged Weapons
 - Level 1.5 Dodging
 - Level 1.1 Stealth


You had 3 spell levels left.
You didn't know any spells.
Your spell library was empty.

Inventory:

Hand Weapons
 h - a +0 heavy shortbow (weapon)
Armour
 a - a +0 pair of gloves
 c - a +0 leather armour (worn)
Jewellery
 d - a ring of resist corrosion (left hand)
Scrolls
 j - a scroll of identify
Potions
 b - a potion of mutation {unknown}
 e - a potion of brilliance {unknown}
 f - a potion of haste
 g - a potion of magic {unknown}
 i - a potion of might {unknown}

Dungeon Overview and Level Annotations

Branches:
Dungeon (3/15)

Altars:
Yredelemnul

Shops:
D:3 [


Message History

You kill the orc! 2 orcs come into view.
An orc is wielding a +1 dagger of freezing.
The orc shouts!
You hear a shout! x3
Enter note: You shoot an arrow.
The arrow hits the orc!
You kill the orc!
A gnoll comes into view. It is wielding a +0 club.
You shoot an arrow. The arrow hits the gnoll!
The gnoll is almost dead.
An orc comes into view. It is wielding a +0 dagger.
An orc comes into view. It is wielding a +0 club.
You shoot an arrow. The orc shouts!
The arrow hits the orc.
The orc is severely wounded.
An orc comes into view. It is wielding a +0 flail.
A gnoll comes into view. It is wielding a +0 halberd. x2
1397 ||| Stepping ~*~*~tactically~*~*~ (outnumbered).
You shoot an arrow. The arrow hits the orc.
You kill the orc!
You shoot an arrow. The arrow hits the gnoll!
You kill the gnoll!
You shoot an arrow. The arrow hits the orc!
You kill the orc!
You shoot an arrow. The arrow barely misses the gnoll.
The gnoll hits you from afar with a +0 halberd.
You shoot an arrow. The arrow hits the gnoll!
The gnoll is heavily wounded.
The gnoll hits you from afar with a +0 halberd.
The gnoll hits you but does no damage.
You shoot an arrow. The arrow barely misses the gnoll.
The arrow hits the orc!
You kill the orc!
The gnoll misses you.
The gnoll hits you from afar with a +0 halberd!
Ouch! That really hurt!
You shoot an arrow. The arrow barely misses the gnoll.
The gnoll misses you.
The gnoll hits you from afar with a +0 halberd.
You die...

........# ...
.....)...#....
.........#...
#...........
#.......#... #...#......
#.......#####.#.#
#........@.g)...#
########.......####)...#
...........#...# .....
...........#...# ....
...........#...# ...
####....####...# gg
...............# o
...............#
................


You could see a gnoll.

Vanquished Creatures
  A gnoll (D:3)
  2 adders
  2 worms (D:2)
  3 dart slugs (D:2)
  5 orcs (D:3)
  4 endoplasms
  2 giant cockroaches
  6 goblins
  4 hobgoblins (D:1)
  4 kobolds
  3 quokkas
  4 ball pythons
  5 bats
  2 frilled lizards
  2 rats (D:2)
49 creatures vanquished.

Notes
Turn   | Place    | Note
-------+----------+-------------------------------------------
     0 | D:1      | qw the Gargoyle Hunter began the quest for the Orb.
     0 | D:1      | Reached XP level 1. HP: 12/12 MP: 1/1
     0 | D:1      | 0 ||| qw: Version: 0.2-a-29-g767f381
     0 | D:1      | 0 ||| qw: Game counter: 3897
     0 | D:1      | 0 ||| qw: Always use a shield: true
     0 | D:1      | 0 ||| qw: God list: Okawaru
     0 | D:1      | 0 ||| qw: Allow faded altars: false
     0 | D:1      | 0 ||| qw: Do Orc after D:15 true
     0 | D:1      | 0 ||| qw: Do second Lair branch before Depths: true
     0 | D:1      | 0 ||| qw: Lair rune preference: random
     0 | D:1      | 0 ||| qw: Plans: Normal, Zot:1-4, Slime:5, God:TSO, Crypt,
                  | Tomb, Abyss, Pan, Hells, Win
     0 | D:1      | 0 ||| PLANNING D:1-11
   166 | D:1      | Reached XP level 2. HP: 16/17 MP: 2/2
   700 | D:1      | 700 ||| UPGRADING to ring of resist corrosion.
   701 | D:1      | 701 ||| READING scroll labelled XYCYTI REFF.
   702 | D:1      | 702 ||| DROPPING scroll of butterflies.
   718 | D:2      | Reached skill level 5 in Ranged Weapons
   718 | D:2      | Reached XP level 3. HP: 20/21 MP: 3/3
   895 | D:2      | Found a basalt altar of Yredelemnul.
  1015 | D:2      | Reached skill level 3 in Fighting
  1097 | D:2      | Reached XP level 4. HP: 26/28 MP: 4/4
  1320 | D:2      | 1320 ||| DROPPING ring of flight.
  1321 | D:2      | 1321 ||| READING scroll labelled SIOTZI XETARI.
  1322 | D:2      | 1322 ||| READING 2 scrolls labelled VIECZI BUGUU.
  1323 | D:2      | 1323 ||| READING scroll labelled XALISU XOARI.
  1324 | D:2      | 1324 ||| READING scroll labelled ROD UFINAERIY.
  1325 | D:2      | 1325 ||| READING scroll labelled GAB LAROASY.
  1326 | D:2      | 1326 ||| READING scroll labelled MAUDO LIHUWN.
  1327 | D:2      | 1327 ||| DRINKING 2 brown potions.
  1356 | D:3      | Found Tiytepn's Antique Armour Shop.
  1361 | D:3      | 1361 ||| BUYING pair of gloves (103 gold).
  1361 | D:3      | Bought a pair of gloves for 103 gold pieces
  1361 | D:3      | 1361 ||| SHOPLISTING ring mail (92 gold, have 23).
  1397 | D:3      | 1397 ||| Stepping ~*~*~tactically~*~*~ (outnumbered).
  1403 | D:3      | HP: 4/28 [gnoll/+0 halberd (14)]
  1404 | D:3      | Slain by a gnoll

Levels and vault maps discovered:
D:1:      onia_arrival_pentagram, layout_basic, minmay_misc_feat_iff,
          minmay_misc_feat_encased
D:2:      layout_basic, basic_altar
D:3:      layout_basic, lemuel_coloured_pillars_altar, serial_shops,
          nicolae_shop_trees, kennysheep_generic_room_8

Skill      XL: |  1  2  3 |
---------------+----------+-----
Ranged Weapons | 5 |  5.6
Fighting       | 3 |  3.0
Dodging        | |  1.5
Stealth        | |  1.1

Action                     |  1- 3 |  4- 6 || total
---------------------------+-------+-------++-------
   Fire: Shortbow          |   103 |    30 ||   133
    Use: Scroll            |     1 |     6 ||     7
         Potion            |       |     1 ||     1
 Armour: Leather armour    |    19 |     1 ||    20
  Dodge: Dodged            |    25 |     2 ||    27

Table legend:
 A = Non-vault XP
 B = Vault XP
 C = Vault XP percentage of total XP
 D = Non-vault monster count
 E = Vault monster count
 F = Vault count percentage of total count
                 A         B        C        D         E       F
            +---------+---------+-------+---------+---------+-------
      Total |     142 |       0 |   0.0 |      49 |       0 |   0.0
            +---------+---------+-------+---------+---------+-------
        D:1 |      29 |       0 |   0.0 |      17 |       0 |   0.0
        D:2 |      65 |       0 |   0.0 |      23 |       0 |   0.0
        D:3 |      48 |       0 |   0.0 |       9 |       0 |   0.0
            +---------+---------+-------+---------+---------+-------
